 Dungeon Crawl Stone Soup version 0.27-a0-1140-g099f9bb0e8 (webtiles) character file.

Game seed: 14271011613689935467

144 Froggeryz the Insei (level 5, -1/34 HPs)
             Began as an Octopode Wanderer on May 10, 2021.
             Was a Priest of Uskayaw.
             Killed by divine providence
             ... invoked by an orc priest
              (10 damage)
             ... on level 4 of the Dungeon.
             The game lasted 00:04:16 (3301 turns).

Froggeryz the Insei (Octopode Wanderer)             Turns: 3301, Time: 00:04:17

Health: -1/34      AC:  8    Str: 11    XL:     5   Next: 27%
Magic:  5/5        EV: 13    Int: 14    God:    Uskayaw [***...]
Gold:   100        SH:  0    Dex: 13    Spells: 4/4 levels left

rFire    . . .     SeeInvis +   a - +3 short sword (protect)
rCold    + . .     Faith    .   (no shield)
rNeg     . . .     Spirit   .   (helmet restricted)
rPois    .         Reflect  .   (no amulet)
rElec    .         Harm     .   g - ring of protection from cold
rCorr    .         Rampage  .   h - ring of see invisible
Will     .....                  (no ring)
Stlth    +++.......             (no ring)
HPRegen  0.11/turn              (no ring)
MPRegen  0.09/turn              (no ring)
                                (no ring)
                                (no ring)

@: under a protective aura
A: almost no armour, amphibious, 8 rings, camouflage 1, gelatinous body 1,
(nimble swimmer 1), tentacles
a: Renounce Religion, Stomp, Line Pass


You were on level 4 of the Dungeon.
You worshipped Uskayaw.
Uskayaw was noncommittal.
You visited 1 branch of the dungeon, and saw 4 of its levels.

You collected 100 gold pieces.

Inventory:

Hand Weapons
 a - a +3 short sword of protection (weapon)
Jewellery
 g - a ring of protection from cold (left tentacle)
 h - a ring of see invisible (right tentacle)
Scrolls
 b - 3 scrolls of teleportation
 c - a scroll of enchant weapon
 e - a scroll of noise
 f - a scroll of amnesia
 i - a scroll of summoning
Potions
 d - a potion of lignification


   Skills:
 - Level 2.0 Fighting
 - Level 2.0(2.1) Short Blades
 - Level 1.0(1.6) Long Blades
 + Level 2.2 Dodging
 - Level 1.3 Stealth
 - Level 1.0 Shields
 * Level 4.6 Unarmed Combat
 - Level 1.1 Evocations


You had 4 spell levels left.
You didn't know any spells.
Your spell library was empty.

Dungeon Overview and Level Annotations

Branches:
Dungeon (4/15)
 Temple: D:4-7

Altars:
Sif Muna
Uskayaw

Shops:
D:1 :[[   D:2 :

Annotations:
D:2 1 runed translucent door, Crazy Yiuf


Innate Abilities, Weirdness & Mutations

You cannot wear most types of armour.
You are amphibious.
You can wear up to eight rings at the same time.
Your skin changes colour to match your surroundings (Stealth+).
Your rubbery body absorbs attacks. (AC +1, EV +1)
((You are camouflaged near water. (Stealth+)))
You have tentacles for arms and can constrict up to eight enemies at once.


Message History

The hound skeleton bites you but does no damage.
The orc priest hits you from afar with a +0 trident.
You are too injured to fight recklessly!
You are too injured to fight recklessly!
The iguana hisses angrily.
You hit the hound skeleton.
The hound skeleton is severely damaged.
You constrict the hound skeleton. The hound skeleton bites you.
The orc priest closely misses you.
You hit the hound skeleton.
You destroy the hound skeleton!
The orc priest hits you from afar with a +0 trident.
Uskayaw will force your foes to helplessly watch your dance.
The orc priest hits you but does no damage.
You barely miss the orc priest. You grab the orc priest.
You constrict the orc priest.
The orc priest hits you with a +0 trident.
* * * LOW HITPOINT WARNING * * *
You hit the orc priest.
The orc priest is moderately wounded.
You constrict the orc priest, but do no damage.
The orc priest hits you but does no damage.
Okay, then.
Aiming: Line Pass
Press: ? - help, Dir - move target, f - orc priest
Aim: an orc priest, wielding a +0 trident and wearing a +0 ring mail (moderately wounded, constricted by you)
You can't stand on top of the monster!
Aiming: Line Pass
Press: ? - help, Dir - move target, f - you, p - orc priest
Okay, then.
Unknown command.
Unknown command.
Okay, then.
You hit the orc priest.
The orc priest is heavily wounded.
You constrict the orc priest. The iguana misses you.
The orc priest calls down the wrath of Beogh upon you.
Beogh smites you!
You die...

..... ..# ....
..# #'#' #.#
####'#'###.#
.........#.#
.........#.#
......lo.#.#
...[...@.#.####
........)'....#
.........#.##.#
.........#.##.#
.........#.##.#
...#######.##.#
... #.##.# #.
#.##.# ..##.#


You could see an iguana and an orc priest.

Vanquished Creatures
  An orc wizard (D:3)
  2 hound skeletons (D:4)
  A gnoll (D:3)
  2 adders
  An adder skeleton (D:4)
  A worm (D:2)
  A dart slug (D:3)
  10 orcs
  4 endoplasms
  A giant cockroach (D:1)
  6 goblins
  A hobgoblin (D:3)
  A quokka (D:1)
  6 ball pythons
  4 bats
  3 frilled lizards
  5 kobolds
  3 rats
53 creatures vanquished.

Notes
Turn   | Place    | Note
-------+----------+-------------------------------------------
     0 | D:1      | Froggeryz the Octopode Wanderer began the quest for the
                  | Orb.
     0 | D:1      | Froggeryz set off with the following items: a +2 short
                  | sword, 2 scrolls of teleportation
     0 | D:1      | Reached XP level 1. HP: 14/14 MP: 1/1
    81 | D:1      | Found Afesin's Book Emporium.
    88 | D:1      | Reached skill level 1 in Unarmed Combat
    94 | D:1      | Reached XP level 2. HP: 17/19 MP: 2/2
   240 | D:1      | Found Zuask's Armour Emporium.
   270 | D:1      | Found Bojooli's Armour Shop.
   409 | D:1      | Reached skill level 2 in Unarmed Combat
   878 | D:1      | Reached XP level 3. HP: 23/24 MP: 3/3
  1526 | D:2      | Found a runed translucent door.
  1527 | D:2      | Noticed Crazy Yiuf
  1598 | D:2      | Found Isowish's Book Shop.
  1960 | D:3      | Reached skill level 3 in Unarmed Combat
  1998 | D:3      | Found a shimmering blue altar of Sif Muna.
  2588 | D:3      | Reached XP level 4. HP: 29/29 MP: 4/4
  2611 | D:3      | Found a faded altar of an unknown god.
  2628 | D:3      | Became a worshipper of Uskayaw the Reveller
  2628 | D:3      | Reached * piety under Uskayaw
  2691 | D:3      | Reached ** piety under Uskayaw
  2692 | D:3      | Reached skill level 4 in Unarmed Combat
  3260 | D:4      | Reached XP level 5. HP: 33/34 MP: 5/5
  3260 | D:4      | Reached *** piety under Uskayaw
  3301 | D:4      | Killed from afar by an orc priest

Illustrated notes

Levels and vault maps discovered:
D:1:      lemuel_arrival_broad_hall, layout_loops_ring, serial_shops,
          shop_fountains, nicolae_shop_statue_plus, nicolae_shop_waterfront,
          minivault_14
D:2:      layout_loops_ring, serial_shops, nicolae_shop_crystal,
          uniq_crazy_yiuf_cottage
D:3:      layout_loops_ring, led_sif_pool,
          hellmonk_ecumenical_altar_heavens_door, kennysheep_generic_room_4
D:4:      layout_basic

Skill      XL: |  1  2  3  4 |
---------------+-------------+-----
Unarmed Combat | 1 2 3 4 |  4.6
Fighting       | |  2.0
Short Blades   | |  2.0
Long Blades    | |  1.0
Dodging        | |  2.2
Stealth        | |  1.3
Shields        | |  1.0
Evocations     | |  1.1

Action                   |  1- 3 |  4- 6 || total
-------------------------+-------+-------++-------
Melee: Short sword       |    65 |    41 ||   106
       Tentacles         |     7 |     6 ||    13
       Constrict         |    12 |    12 ||    24
       Punch             |       |     1 ||     1
  Use: Scroll            |     5 |     1 ||     6
 Stab: Sleeping          |    11 |     3 ||    14
       Paralysed         |       |     1 ||     1
Armor: Skin              |     6 |     6 ||    12
Dodge: Dodged            |    31 |    28 ||    59

Table legend: (Time is in decaauts)
 A = Elapsed time spent in this place.
 B = Non-inter-level travel time spent in this place.
 C = Inter-level travel time spent in this place.
 D = Time resting spent in this place.
 E = Time spent auto-exploring this place.
 F = Levels seen in this place.
 G = Mean time per level.
                   A        B        C        D        E       F      G
               +--------+--------+--------+--------+--------+-----+--------+
         Total |   3298 |   3187 |    111 |    538 |   2265 |   4 |  824.5 |
       Dungeon |   3298 |   3187 |    111 |    538 |   2265 |   4 |  824.5 |
               +--------+--------+--------+--------+--------+-----+--------+

Top non-repeatable levels by time:
     D:2: 1282 daAuts
     D:1: 925 daAuts
     D:3: 840 daAuts
     D:4: 250 daAuts
